 Dungeon Crawl Stone Soup version 0.30.0-3-ga4e48a9924 (webtiles) character file.

Game seed: 4152758647764380669

787 trckry the Cudgeller (level 7, 0/54 HPs)
             Began as a Demonspawn Wanderer on May 7, 2023.
             Was a Believer of Okawaru.
             Slain by a water moccasin (7 damage)
             ... on level 7 of the Dungeon.
             The game lasted 00:14:36 (6424 turns).

trckry the Cudgeller (Demonspawn Wanderer)          Turns: 6424, Time: 00:14:37

Health: 0/54       AC:  8    Str: 14      XL:     7   Next: 56%
Magic:  8/8        EV:  9    Int: 16 (17) God:    Okawaru [**....]
Gold:   407        SH:  2    Dex:  7 (9)  Spells: 8/8 levels left

rFire   . . .        p - +1 flail
rCold   . . .        c - +0 buckler
rNeg    + + .        v - +0 ring mail of Inquiry {rC- rN+ SInv}
rPois   .            (no helmet)
rElec   .            (no cloak)
rCorr   .            j - +0 pair of gloves
SInv    +            a - +0 pair of boots
Will    .....        (no amulet) Stlth
                     t - ring of positive energy
HPRegen 0.29/turn    z - ring of protection from cold
MPRegen 0.22/turn

%: no passive effects
@: lethally poisoned (0 -> -13)
A: hooves 1, ignite blood 1, magic regeneration
a: Renounce Religion, Heroism


You were on level 7 of the Dungeon.
You worshipped Okawaru.
Okawaru was pleased with you.
You visited 1 branch of the dungeon, and saw 7 of its levels.

You collected 407 gold pieces.

Inventory:

Hand Weapons
 p - a +1 flail (weapon)
Missiles
 A - 5 poisoned darts (quivered)
 B - 2 boomerangs
Armour
 a - a +0 pair of boots (worn)
 c - a +0 buckler (worn)
 j - a +0 pair of gloves (worn)
 v - the +0 ring mail of Inquiry (worn) {rC- rN+ SInv}
   (You found it on level 3 of the Dungeon)

   rC:        It makes you vulnerable to cold.
   rN:        It protects you from negative energy.
   SInv:      It lets you see invisible.
 C - the +0 robe of Xavanux {Str+6 SInv}
   (You took it off an orc on level 4 of the Dungeon)

   Str:       It affects your strength (+6).
   SInv:      It lets you see invisible.
Jewellery
 t - a ring of positive energy (left hand)
 z - a ring of protection from cold (right hand)
Wands
 d - a wand of polymorph (5)
 u - a wand of iceblast (9)
Scrolls
 e - 3 scrolls of teleportation
 m - a scroll of amnesia
 s - 3 scrolls of identify
 y - 2 scrolls of enchant armour
 E - a scroll of silence
 F - a scroll of fear
Potions
 b - 3 potions of brilliance
 f - a potion of might
 k - 2 potions of flight
 x - a potion of berserk rage


   Skills:
 + Level 4.1 Fighting
 * Level 5.1 Maces & Flails
 + Level 3.9 Armour
 - Level 1.0 Spellcasting
 - Level 2.0 Hexes
 - Level 1.7 Translocations
 - Level 4.0 Evocations


You had 8 spell levels left.
You didn't know any spells.
Your spell library contained the following spells:

 Spells                   Type           Power      Damage    Failure   Level
 Slow                     Hex            28%        N/A       26%         1
 Apportation              Tloc           12%        N/A       30%         1
 Lesser Beckoning         Tloc           12%        N/A       41%         2
 Gell's Gravitas          Tloc           6%         N/A       65%         3
 Teleport Other           Tloc           6%         N/A       65%         3
 Vhi's Electric Charge    Tloc/Air       6%         N/A       78%         3
 Cause Fear               Hex            3%         N/A       95%         4
 Anguish                  Hex/Necr       2%         N/A       99%         4


Dungeon Overview and Level Annotations

Branches:
Dungeon (7/15) Zot: 26994
 Temple: D:4-7

Altars:
Hepliaklqana
Kikubaaqudgha
Nemelex Xobeh
Okawaru
Qazlal
Ru
Uskayaw
Xom

Shops:
D:1 [   D:4 *


Innate Abilities, Weirdness & Mutations

You have large cloven feet.
Your demonic aura sometimes causes spilled blood to erupt in flames.
You regenerate magic rapidly.


Message History

You feel sick. The water moccasin bites you. The water moccasin misses you.
You feel sick.
You feel sick.
You feel sick.
You feel sick.
You feel sick.
Found a book of Ice.
You feel sick.
You are no longer poisoned.
There is a stone staircase leading down here.
The water moccasin bites you.
* * * LOW HITPOINT WARNING * * *
You are poisoned.
The water moccasin poisons you!
You climb downwards.
You feel sick.
Found a leather armour.
There is a stone staircase leading up here.
You feel much better.
You feel sick. The water moccasin barely misses you.
The water moccasin bites you!
You are more poisoned.
The water moccasin poisons you!
You barely miss the water moccasin.
The water moccasin is severely wounded.
You feel very sick. The water moccasin bites you.
You are lethally poisoned!
The water moccasin poisons you!
You closely miss the water moccasin.
The water moccasin is severely wounded.
You feel extremely sick. The water moccasin bites you.
* * * LOW HITPOINT WARNING * * *
The water moccasin barely misses you.
You closely miss the water moccasin.
The water moccasin is severely wounded.
* * * LOW HITPOINT WARNING * * *
You feel very sick. The water moccasin bites you.
* * * LOW HITPOINT WARNING * * *
The water moccasin bites you!
You die...

# #.## #
#.#.
##.#...##
........#
........#
......[@#
......S..#
..........#
#####+###.#
.# .# #


You could see a water moccasin.

Vanquished Creatures
  2 ogres
  A scorpion (D:6)
  2 hounds
  3 orc priests (D:4)
  A gnoll bouda (D:4)
  3 sleepcaps
  2 iguanas
  An orc wizard (D:4)
  6 gnolls
  9 adders
  4 worms
  A dart slug (D:2)
  4 orcs (D:4)
  13 bats
  8 endoplasms
  3 giant cockroaches
  6 goblins
  9 hobgoblins
  3 jackals (D:1)
  6 quokkas
  6 ball pythons (D:1)
  2 frilled lizards
  9 kobolds
  6 rats
110 creatures vanquished.

Vanquished Creatures (others)
  A goblin (D:3)
  A frilled lizard (D:3)
2 creatures vanquished.

Grand Total: 112 creatures vanquished

Notes
Turn   | Place    | Note
-------+----------+-------------------------------------------
     0 | D:1      | trckry the Demonspawn Wanderer began the quest for the Orb.
     0 | D:1      | trckry set off with the following items: a +0 club, a
                  | potion of brilliance, a +0 robe, a wand of polymorph (5);
                  | and the following spells available to memorise: Slow,
                  | Apportation, Vhi's Electric Charge, Cause Fear, Anguish.
     0 | D:1      | Reached XP level 1. HP: 13/13 MP: 2/2
    68 | D:1      | HP: 1/13 [kobold/+0 whip (3)]
   415 | D:1      | Reached skill level 1 in Fighting
   465 | D:1      | Gained mutation: You have large cloven feet. [demonic
                  | ancestry]
   465 | D:1      | Reached XP level 2. HP: 20/21 MP: 3/3
   475 | D:1      | Found a faded altar of an unknown god.
   483 | D:1      | Prayed at the altar of an unknown god.
   483 | D:1      | Became a worshipper of Warmaster Okawaru
   483 | D:1      | Reached * piety under Okawaru
   643 | D:1      | Reached skill level 1 in Maces & Flails
   833 | D:1      | Gained mutation: You regenerate magic rapidly. [demonic
                  | ancestry]
   833 | D:1      | Reached XP level 3. HP: 15/26 MP: 4/4
  1037 | D:1      | Found Hanysm's Armour Emporium.
  1295 | D:2      | Reached XP level 4. HP: 33/33 MP: 5/5
  1444 | D:2      | Reached skill level 2 in Maces & Flails
  1700 | D:2      | Found a sparkling altar of Nemelex Xobeh.
  2027 | D:3      | Found a shimmering altar of Xom.
  2601 | D:3      | HP: 5/34 [poisoned by an adder]
  2605 | D:3      | Reached XP level 5. HP: 16/39 MP: 6/6
  2931 | D:3      | Identified the +0 ring mail of Inquiry {rC- rN+ SInv}
  3187 | D:3      | Found a hazy altar of Hepliaklqana.
  3560 | D:4      | Reached skill level 3 in Maces & Flails
  3646 | D:4      | Noticed an ogre
  3673 | D:4      | Killed an ogre
  3673 | D:4      | Reached ** piety under Okawaru
  3674 | D:4      | Gained mutation: Your demonic aura sometimes causes spilled
                  | blood to erupt in flames. [demonic ancestry]
  3674 | D:4      | Reached XP level 6. HP: 13/47 MP: 7/7
  4258 | D:4      | Identified the +0 robe of Xavanux {Str+6 SInv}
  4623 | D:4      | Found Ucuffoj's General Store.
  4730 | D:4      | Reached skill level 4 in Maces & Flails
  4824 | D:4      | Reached XP level 7. HP: 36/52 MP: 8/8
  5088 | D:5      | Entered Level 5 of the Dungeon
  5113 | D:5      | HP: 7/52 [iguana (3)]
  5130 | D:5      | HP: 6/52 [hound (2)]
  5878 | D:5      | Found a hide-covered altar of Uskayaw.
  5878 | D:5      | Found a sacrificial altar of Ru.
  5879 | D:5      | Found an ancient bone altar of Kikubaaqudgha.
  5879 | D:5      | Found a stormy altar of Qazlal.
  6271 | D:6      | Reached skill level 5 in Maces & Flails
  6399 | D:6      | Noticed a two-headed ogre
  6424 | D:7      | HP: 7/54 [water moccasin (3)]
  6424 | D:7      | Slain by a water moccasin

Illustrated notes

Levels and vault maps discovered:
D:1:      heliophobic_arrival_dark_side_of_the_moon, layout_basic,
          hellmonk_ecumenical_altar_slurped_away, serial_shops, shop,
          minmay_pentomino_r4
D:2:      layout_basic, basic_altar, feat_on_display
D:3:      layout_loops_corners, xom_confusion_cloud,
          nicolae_hepliaklqana_hippocampus, roderic_lattice_a
D:4:      layout_basic, serial_shops, nicolae_lakefront_shop,
          grunt_decor_one_mirror
D:5:      layout_basic, chequers_temple_overflow_statue_of_worship
D:6:      layout_rooms
D:7:      layout_rooms, amcnicky_altar_gilded, minmay_temple_entry_glassed_door,
          serial_shops, nicolae_shop_rolled_up, shop,
          nicolae_shop_getting_attention, uniq_prince_ribbit1

Skill      XL: |  1  2  3  4  5  6  7 |
---------------+----------------------+-----
Fighting       | 1 2 3 4 |  4.1
Maces & Flails | 1 2 3 4 5 |  5.1
Armour         | 2 3 |  3.9
Spellcasting   | |  1.0
Hexes          | |  2.0
Translocations | |  1.7
Evocations     | |  4.0

Action                     |  1- 3 |  4- 6 |  7- 9 || total
---------------------------+-------+-------+-------++-------
  Melee: Whip              |   219 |    50 |       ||   269
         Club              |     7 |       |       ||     7
         Punch             |     1 |     2 |     1 ||     4
         Flail             |       |   223 |    73 ||   296
  Throw: Dart              |     1 |    18 |     9 ||    28
    Use: Potion            |       |     2 |     9 ||    11
         Scroll            |       |       |    10 ||    10
 Armour: Robe              |    12 |       |       ||    12
         Ring mail         |   108 |   113 |    21 ||   242
  Dodge: Dodged            |   164 |   124 |    40 ||   328
  Block: Buckler           |       |       |     2 ||     2
